Map: Abyssal Reef LE

Players

llllllllllll

  • Race: Zerg Zerg
  • League: Master
  • Spawn Location: 11:00

Railgan - Winner!

  • Race: Terran Terran
  • League: Grandmaster
  • Spawn Location: 5:00

VOD

Have the link to the VOD?

Description

Time

  • Played on: Feb. 27, 2017, 11:52 a.m.
  • Length: 16:27
Show
View Real Time Build Order
Export as new Build Order

llllllllllll Zerg 

Build Orders: Hatch First 

Get SALT Encoding   

  12  0:00  Drone  
  13  0:12  Overlord  
  13  0:17  Drone  
  14  0:31  Drone x2  
  14  0:35  Drone  
  17  0:52  Hatchery  
  17  0:55  Drone  
  17  0:58  Drone  
  18  1:10  Extractor  
  17  1:13  Spawning Pool  
  17  1:17  Drone  
  17  1:20  Drone  
  18  1:29  Drone  
  19  1:39  Overlord  
  19  1:59  Queen  
  19  2:00  Zergling x2  
  19  2:01  Zergling x2  
  23  2:04  Zergling x2, Queen  
  27  2:22  Drone  
  27  2:23  Drone, Metabolic Boost  
  27  2:24  Overlord  
  28  2:42  Queen x2  
  32  2:46  Overlord  
  32  2:48  Drone x2  
  32  2:49  Drone  
  35  2:53  Drone  
  36  3:13  Drone x2  
  36  3:14  Drone x6  
  36  3:16  Overlord  
  43  3:30  Hatchery  
  42  3:35  Overlord  
  42  3:36  Drone  
  42  3:37  Drone  
  44  3:48  Queen x2  
  48  3:56  Drone x4  
  48  3:57  Drone  
  52  4:17  Zergling x6  
  52  4:18  Overlord x3  
  54  4:28  Overlord  
  54  4:29  Overlord  
  54  4:39  Spore Crawler  
  54  4:44  Spore Crawler  
  52  4:46  Drone x2  
  52  4:47  Drone x5, Spore Crawler x2  
  57  4:53  Zergling x2  
  57  4:55  Zergling x6  
  60  5:17  Drone  
  60  5:19  Drone x6  
  60  5:20  Drone, Queen x3  
  74  5:24  Evolution Chamber  
  74  5:27  Evolution Chamber  
  72  5:33  Drone x5  
  72  5:34  Drone x2  
  79  5:55  Zerg Melee Weapons Level 1, Zerg Ground Armor Level 1  
  79  6:08  Lair  
  78  6:24  Hatchery  
  77  6:28  Hatchery  
  76  6:33  Extractor  
  76  6:35  Extractor  
  76  6:36  Drone x6  
  76  6:37  Drone x3, Overlord x3  
  76  6:39  Extractor  
  82  6:41  Extractor  
  82  6:42  Extractor  
  76  7:01  Drone x2  
  76  7:02  Drone x6  
  76  7:03  Zergling x16  
  76  7:04  Zergling x12  
  98  7:14  Overseer  
  98  7:20  Baneling Nest  
  98  7:21  Drone x6  
  103  7:41  Zergling x22  
  114  8:01  Spire  
  114  8:03  Hydralisk Den  
  107  8:11  Baneling x5  
  107  8:12  Baneling x2  
  104  8:15  Hydralisk Den  
  104  8:17  Roach Warren  
  81  8:43  Overlord x5  
  81  8:47  Zerg Ground Armor Level 2  
  81  8:48  Zerg Missile Weapons Level 1  
  80  8:51  Overlord x3  
  80  8:58  Roach  
  80  8:59  Roach x26  
  80  9:00  Roach x3  
  80  9:01  Glial Reconstitution  
  135  9:32  Overlord x2  
  135  9:37  Infestation Pit  
  134  9:39  Drone  
  134  9:40  Drone x12  
  147  9:56  Spine Crawler  
  147  9:57  Spine Crawler  
  147  9:59  Spine Crawler  
  144  10:01  Spine Crawler  
  132  10:22  Mutalisk x7  
  132  10:23  Mutalisk x8  
  143  10:30  Drone x11  
  154  10:38  Queen x2  
  154  10:41  Drone x3  
  143  10:53  Drone x3  
  142  11:00  Drone x3  
  131  11:30  Ravager  
  131  11:31  Ravager x5  
  133  11:33  Zergling x34  
  133  11:36  Drone x4  
  133  11:37  Drone x3  
  133  11:39  Drone  
  158  11:58  Drone x3  
  158  11:59  Drone x3  
  160  12:07  Drone x4  
  160  12:08  Drone  
  162  12:09  Extractor  
  162  12:10  Extractor  
  146  12:37  Hive  
  146  12:53  Hatchery  
  146  12:55  Roach x5  
  146  12:56  Roach x18  
  191  13:04  Extractor, Hatchery  
  189  13:05  Drone  
  189  13:06  Drone x3  
  189  13:09  Drone x4  
  189  13:11  Extractor, Drone x3  
  176  13:37  Corruptor x3  
  176  13:38  Corruptor x3  
  186  13:43  Overlord  
  186  13:44  Overlord x2  
  186  13:46  Queen  
  186  13:47  Queen  
  190  13:56  Corruptor x4  
  190  13:59  Overseer x2  
  185  14:15  Greater Spire  
  185  14:17  Spire  
  185  14:20  Drone  
  185  14:21  Drone x6  
  191  14:38  Corruptor x3, Spore Crawler  
  192  14:50  Spore Crawler  
  192  14:51  Spore Crawler  
  192  14:52  Spine Crawler  
  187  14:54  Spine Crawler  
  187  14:55  Spine Crawler  
  175  15:10  Drone x13  
  182  15:18  Drone  
  182  15:19  Drone  
  159  16:00  Hatchery  
Show
View Real Time Build Order
Export as new Build Order

Railgan Terran - Winner!

Build Orders: Mech 

Get SALT Encoding   

  12  0:01  SCV  
  13  0:13  SCV  
  14  0:17  Supply Depot  
  14  0:25  SCV  
  15  0:39  SCV  
  15  0:40  Barracks  
  16  0:50  Refinery  
  16  0:51  SCV  
  17  1:03  SCV  
  18  1:15  SCV  
  19  1:27  Marine  
  19  1:28  Orbital Command  
  20  1:33  Supply Depot  
  20  1:45  Marine  
  21  1:55  Factory  
  21  1:57  SCV  
  22  2:03  Marine  
  23  2:09  SCV  
  24  2:21  SCV  
  24  2:22  Command Center  
  25  2:24  Refinery  
  25  2:25  Barracks Reactor  
  25  2:34  SCV  
  26  2:42  Widow Mine  
  28  2:46  SCV  
  29  2:57  Command Center  
  29  3:05  Starport  
  29  3:09  SCV  
  30  3:13  Barracks Tech Lab  
  30  3:22  SCV  
  31  3:34  Hellion x2, SCV  
  36  3:41  Supply Depot  
  36  3:42  Barracks Reactor  
  36  3:44  Orbital Command  
  36  3:49  SCV  
  37  3:59  Corvid Reactor  
  37  4:01  SCV  
  38  4:07  Liberator  
  38  4:10  Orbital Command  
  38  4:13  SCV  
  39  4:22  SCV  
  40  4:25  SCV  
  44  4:32  Factory  
  44  4:34  SCV  
  44  4:37  SCV  
  46  4:39  Refinery x2  
  46  4:46  Bunker, SCV  
  46  4:49  SCV  
  46  4:50  SCV  
  46  4:52  Hellion  
  51  4:55  Hellion  
  51  4:58  SCV  
  54  5:01  SCV  
  54  5:02  SCV  
  56  5:10  SCV  
  55  5:15  Barracks Tech Lab  
  55  5:16  SCV x2  
  55  5:18  Raven  
  57  5:22  SCV  
  57  5:26  Widow Mine x4  
  57  5:28  SCV x2  
  68  5:33  Engineering Bay  
  68  5:34  Supply Depot  
  68  5:35  Supply Depot x2  
  68  5:40  Supply Depot  
  68  5:45  Supply Depot  
  68  5:49  Armory x2  
  68  5:52  SCV  
  68  5:56  SCV  
  70  6:01  Raven  
  70  6:02  SCV  
  73  6:05  Hellion x2  
  73  6:09  SCV x2  
  79  6:30  SCV  
  80  6:43  Hellion x3  
  80  6:44  Raven, Hellion  
  90  6:56  Terran Vehicle Weapons Level 1  
  90  6:57  Terran Vehicle And Ship Armor Level 1  
  90  7:02  Orbital Command  
  90  7:05  Hellion x2, SCV x2  
  90  7:07  Factory, Starport  
  97  7:10  Starport  
  97  7:11  Command Center  
  96  7:21  SCV x2  
  98  7:23  Supply Depot  
  98  7:25  Sensor Tower  
  98  7:27  Supply Depot  
  98  7:29  SCV  
  99  7:34  Supply Depot  
  99  7:36  Supply Depot  
  99  7:37  Supply Depot  
  99  7:48  Hellion x2, Hellbat  
  99  7:49  Hellion  
  103  8:10  Hellion x2  
  107  8:13  Infernal Pre-Igniter  
  107  8:14  Raven  
  107  8:18  Refinery, SCV x3  
  107  8:19  Refinery  
  109  8:30  SCV x3  
  109  8:33  Starport Tech Lab, Starport Reactor  
  109  8:34  Hellion x5, Orbital Command  
  102  8:42  SCV  
  103  8:51  SCV x2  
  103  8:52  Terran Ship Weapons Level 1, Terran Vehicle And Ship Armor Level 2  
  103  8:55  Hellion, SCV  
  108  8:57  Raven  
  108  8:58  Hellion x2  
  108  8:59  Hellion x2, Starport  
  108  9:00  Starport  
  114  9:16  Liberator  
  102  9:25  Siege Tank  
  102  9:27  Hellion x4  
  115  9:32  Viking  
  115  9:33  Viking  
  115  9:37  Starport Tech Lab  
  120  9:38  Starport Tech Lab  
  120  9:46  Missile Turret  
  120  9:48  Missile Turret, Hellion x4  
  120  9:49  Hi-Sec Auto Tracking  
  126  9:52  Missile Turret  
  126  9:53  Missile Turret  
  126  9:56  Raven  
  128  10:09  Supply Depot  
  128  10:11  Supply Depot  
  128  10:19  Liberator, Command Center  
  128  10:20  Liberator, Command Center  
  128  10:21  Orbital Command  
  132  10:28  Hellion x2  
  132  10:29  Hellion  
  132  10:35  Banshee x3  
  141  10:38  Hellion  
  141  10:40  Cloaking Field  
  141  10:51  Thor  
  141  10:54  Missile Turret  
  141  10:56  Missile Turret  
  124  10:58  Missile Turret  
  124  10:59  Missile Turret x2, Viking  
  124  11:02  Missile Turret  
  126  11:06  Missile Turret  
  126  11:07  SCV x2  
  126  11:10  Missile Turret, SCV x2  
  126  11:11  Missile Turret x2  
  130  11:12  Missile Turret  
  130  11:13  Missile Turret  
  130  11:18  Viking  
  128  11:19  SCV x2  
  127  11:34  Refinery, SCV  
  127  11:35  SCV x3  
  127  11:36  Refinery  
  127  11:37  Viking x3  
  137  11:41  Hyperflight Rotors  
  137  11:42  Terran Ship Weapons Level 2  
  137  11:44  Terran Vehicle And Ship Armor Level 3  
  137  11:47  Fusion Core, SCV x4  
  138  11:50  Hellion x3  
  147  11:59  SCV  
  148  12:07  Missile Turret x2, Liberator, Hellion x2, Orbital Command  
  148  12:08  Orbital Command  
  152  12:11  Hellion x3  
  158  12:20  Banshee  
  158  12:21  Supply Depot  
  157  12:25  Banshee  
  157  12:26  Banshee  
  157  12:27  Banshee  
  157  12:28  Hellion x2  
  173  12:32  Hellion  
  173  12:35  Hellion  
  177  12:46  Orbital Command  
  177  12:47  Command Center  
  177  12:49  Thor  
  177  12:51  Liberator  
  183  12:52  Liberator  
  183  12:53  Hellion x2  
  183  12:54  Hellion  
  189  13:03  Banshee  
  192  13:07  Advanced Ballistics  
  167  13:32  Siege Tank  
  145  13:40  Banshee x3  
  154  13:43  Hellion x4  
  154  13:46  Banshee  
  162  14:02  Command Center  
  162  14:04  Hellion x3, Thor  
  162  14:06  Hellion  
  173  14:14  Viking x2  
  177  14:17  Orbital Command  
  177  14:23  Viking  
  179  14:25  SCV x3  
  179  14:26  Hellion, SCV  
  185  14:45  Supply Depot  
  191  14:56  Battlecruiser x2  
  194  15:14  Battlecruiser, Viking x3  
  182  15:15  Orbital Command  
  182  15:18  Refinery  
  182  15:19  Siege Tank  
  182  15:20  Hellion x4, Refinery  
  195  15:32  Command Center  
  195  15:33  Command Center  
  195  15:41  Widow Mine  
  195  15:42  Hellion  
  199  15:45  Factory  
  199  15:47  Factory  
  190  16:01  Hellion  
Tags
 
Composition
Mech
Matchup
TvZ
Player
Railgan
Replay Pack
Railgan Replays
Spawn Locations
Cross Positions
Add a new tag
Caveats
  • Supply blocks, unpowered buildings, or Contaminate may cause inaccurate times.
  • Supply counts are checked every 10 seconds.